 Dungeon Crawl Stone Soup version 0.31-a0-188-g5e087ee2ca (webtiles) character file.

Game seed: 1488444646110996696

93 qw the Shooter (level 4, -2/25 HPs)
             Began as a Deep Elf Hunter on June 23, 2023.
             Slain by a scorpion (4 damage)
             ... on level 3 of the Dungeon.
             The game lasted 00:00:48 (2056 turns).

qw the Shooter (Deep Elf Hunter)                    Turns: 2056, Time: 00:00:49

Health: -2/25      AC:  5    Str: 10    XL:     4   Next: 37%
Magic:  6/6        EV: 11    Int: 14    God:
Gold:   155        SH:  0    Dex: 18    Spells: 3/3 levels left

rFire   . . .        Y - +0 shortbow
rCold   . . .        (shield currently unavailable)
rNeg    . . .        i - +0 ring mail
rPois   .            (no helmet)
rElec   .            (no cloak)
rCorr   .            (no gloves)
SInv    .            (no boots)
Will    .....        (no amulet)
Stlth   +            (no ring)
HPRegen 0.24/turn    (no ring)
MPRegen 0.10/turn

%: no passive effects
@: lethally poisoned (-2 -> -11)
A: no striking features
a: no special abilities


You were on level 3 of the Dungeon.
You visited 1 branch of the dungeon, and saw 3 of its levels.

You collected 155 gold pieces.


   Skills:
 - Level 1.5 Fighting
 + Level 7.8 Ranged Weapons
 - Level 2.4 Dodging
 - Level 1.2 Stealth


You had 3 spell levels left.
You didn't know any spells.
Your spell library was empty.

Inventory:

Hand Weapons
 Y - a +0 shortbow (weapon)
Armour
 i - a +0 ring mail (worn)
Jewellery
 b - the amulet of Elemental Vulnerability {rPois rF-- rC-- AC+8}
   (You found it on level 3 of the Dungeon)

   [amulet of nothing]

   AC:        It affects your AC (+8).
   rF:        It makes you very vulnerable to fire.
   rC:        It makes you very vulnerable to cold.
   rPois:     It protects you from poison.
Scrolls
 a - a scroll of teleportation
 c - a scroll of vulnerability {unknown}
 d - a scroll of revelation {unknown}
Potions
 e - a potion of attraction {unknown}
 f - a potion of ambrosia {unknown}
 g - a potion of curing {unknown}
 h - a potion of heal wounds {unknown}

Dungeon Overview and Level Annotations

Branches:
Dungeon (3/15)

Altars:

Shops:
D:2 :

Annotations:
D:2 1 runed translucent door, Crazy Yiuf


Message History

Enter note:
Enter note:
Enter note: You shoot an arrow.
The arrow barely misses the scorpion.
You shoot an arrow.
The arrow completely misses the scorpion.
You shoot an arrow. The arrow closely misses the scorpion.
You shoot an arrow. The arrow hits the scorpion.
The scorpion is lightly wounded.
You shoot an arrow.
The arrow hits the scorpion but does no damage.
The scorpion is lightly wounded.
You shoot an arrow.
The arrow hits the scorpion but does no damage.
The scorpion is lightly wounded.
The scorpion stings you but does no damage.
The scorpion misses you.
You shoot an arrow. The arrow hits the scorpion.
The scorpion is lightly wounded.
The scorpion stings you but does no damage.
You shoot an arrow. The arrow barely misses the scorpion.
The scorpion stings you. x2
You shoot an arrow.
The arrow hits the scorpion but does no damage.
The scorpion is lightly wounded.
The scorpion stings you but does no damage.
You shoot an arrow. The arrow hits the scorpion.
The scorpion is heavily wounded.
The scorpion stings you. x2
You shoot an arrow. The arrow hits the scorpion.
The scorpion is heavily wounded.
The scorpion stings you.
You are lethally poisoned!
The scorpion poisons you!
You shoot an arrow.
The arrow hits the scorpion but does no damage.
The scorpion is heavily wounded.
You feel very sick. The scorpion stings you.
You die...

###.####### ..........#
..........# ..........#
..........# ..........#
..........# .
..........##########....
.............)..@s......
.........##############
.........# ##########


You could see a scorpion.

Vanquished Creatures
  4 adders
  A worm (D:2)
  A dart slug (D:2)
  5 ball pythons
  5 endoplasms
  A giant cockroach (D:2)
  5 goblins
  7 hobgoblins
  2 jackals (D:2)
  2 quokkas
  2 bats
  A frilled lizard (D:1)
  5 kobolds
  5 rats
46 creatures vanquished.

Notes
Turn   | Place    | Note
-------+----------+-------------------------------------------
     0 | D:1      | qw the Deep Elf Hunter began the quest for the Orb.
     0 | D:1      | Reached XP level 1. HP: 12/12 MP: 3/3
     0 | D:1      | 0 ||| qw: Version: 0.3-a-9-g12657ce
     0 | D:1      | 0 ||| qw: Game counter: 4041
     0 | D:1      | 0 ||| qw: Always use a shield: true
     0 | D:1      | 0 ||| qw: God list: Okawaru
     0 | D:1      | 0 ||| qw: Allow faded altars: false
     0 | D:1      | 0 ||| qw: Do Orc after D:15 true
     0 | D:1      | 0 ||| qw: Do second Lair branch before Depths: true
     0 | D:1      | 0 ||| qw: Lair rune preference: random
     0 | D:1      | 0 ||| qw: Plans: Normal
     0 | D:1      | 0 ||| PLANNING D:1-11
   198 | D:1      | Reached skill level 6 in Ranged Weapons
   198 | D:1      | Reached XP level 2. HP: 16/16 MP: 4/4
   327 | D:1      | Found a faded altar of an unknown god.
   699 | D:1      | 699 ||| READING scroll labelled ZATIQI ESCHOWU.
   700 | D:1      | 700 ||| READING scroll labelled WUAMEBL CEME.
   701 | D:1      | 701 ||| DROPPING scroll of butterflies.
   775 | D:2      | Reached XP level 3. HP: 20/20 MP: 5/5
   924 | D:2      | 924 ||| Stepping ~*~*~tactically~*~*~ (water).
   932 | D:2      | 932 ||| Stepping ~*~*~tactically~*~*~ (water).
   934 | D:2      | 934 ||| Stepping ~*~*~tactically~*~*~ (water).
   937 | D:2      | Reached skill level 7 in Ranged Weapons
   976 | D:2      | 976 ||| Stepping ~*~*~tactically~*~*~ (water).
  1356 | D:2      | Reached XP level 4. HP: 25/25 MP: 6/6
  1399 | D:2      | Found Uhycs's Vocational Training.
  1550 | D:2      | Found a runed translucent door.
  1551 | D:2      | Noticed Crazy Yiuf
  1584 | D:2      | 1584 ||| UPGRADING to +0 ring mail.
  1594 | D:2      | 1594 ||| DROPPING +0 leather armour.
  1595 | D:2      | 1595 ||| DROPPING +6 ring of intelligence.
  1596 | D:2      | 1596 ||| READING 2 scrolls labelled KOFARUVEAT.
  1621 | D:2      | 1621 ||| READING scroll labelled MARGHU FUZ PEN WEDGH.
  1623 | D:2      | 1623 ||| Stepping ~*~*~tactically~*~*~ (cloud).
  1792 | D:3      | Found the amulet of Elemental Vulnerability {rPois rF--
                  | rC-- AC+8}
  2044 | D:3      | Noticed a scorpion
  2056 | D:3      | HP: 2/25 [poisoned by a scorpion]
  2056 | D:3      | Slain by a scorpion

Levels and vault maps discovered:
D:1:      minmay_arrival_checkered_box, layout_basic,
          shapermc_ecumenical_altar_gd
D:2:      wad_lake_hut, layout_loops_ring, nicolae_shop_vocational,
          uniq_crazy_yiuf_cottage
D:3:      layout_basic, minmay_misc_feat_square

Skill      XL: |  1  2  3 |
---------------+----------+-----
Ranged Weapons | 6 7 |  7.8
Fighting       | |  1.5
Dodging        | |  2.4
Stealth        | |  1.2

Action                     |  1- 3 |  4- 6 || total
---------------------------+-------+-------++-------
   Fire: Shortbow          |   108 |    34 ||   142
    Use: Scroll            |     2 |     2 ||     4
 Armour: Leather armour    |    10 |       ||    10
         Ring mail         |       |     5 ||     5
  Dodge: Dodged            |    20 |     8 ||    28

Table legend:
 A = Non-vault XP
 B = Vault XP
 C = Vault XP percentage of total XP
 D = Non-vault monster count
 E = Vault monster count
 F = Vault count percentage of total count
                 A         B        C        D         E       F
            +---------+---------+-------+---------+---------+-------
      Total |     134 |       0 |   0.0 |      46 |       0 |   0.0
            +---------+---------+-------+---------+---------+-------
        D:1 |      26 |       0 |   0.0 |      16 |       0 |   0.0
        D:2 |      83 |       0 |   0.0 |      22 |       0 |   0.0
        D:3 |      25 |       0 |   0.0 |       8 |       0 |   0.0
            +---------+---------+-------+---------+---------+-------
